 Dungeon Sprint DCSS version 0.16-a0-3781-g2316936 (console) character file.

200 Monkaria the Carver (level 5, -2/39 HPs)
             Began as a High Elf Gladiator on Jan 25, 2015.
             Slain by a yak (14 damage)
             ... in the Dungeon (Sprint I: "Red Sonja").
             The game lasted 00:01:40 (454 turns).

Monkaria the Carver (High Elf Gladiator)             Turns: 454, Time: 00:01:40

Health: -2/39      AC:  6    Str: 15    XL:     5   Next: 49%
Magic:  8/8        EV: 14    Int: 12    God:
Gold:   304        SH:  0    Dex: 15    Spells: 0 memorised, 4 levels left

rFire  . . .     SeeInvis .     a - +0 long sword
rCold  + . .     Clarity  .     l - +2 leather armour {rC+}
rNeg   . . .     SustAb   .     (no shield)
rPois  .         Gourm    .     c - +0 helmet
rElec  .         Spirit   .     (no cloak)
rCorr  .         Warding  .     (no gloves)
rMut   .         NoTele   +     (no boots)
MR     .....                    (no amulet)
Stlth  +.........               (no ring)
                                (no ring)

@: not resistant to hostile enchantments, very unstealthy
A: no striking features
a: no special abilities


You were in the Dungeon.
You were not hungry.

You visited 1 branch You collected 304 gold pieces.

Inventory:

Hand weapons
 a - a +0 long sword (weapon)
Missiles
 d - 2 throwing nets (quivered)
Armour
 c - a +0 helmet (worn)
 l - a +2 leather armour of cold resistance (worn)
Scrolls
 k - a scroll of blinking
Potions
 e - 2 potions of curing
 h - a potion of haste
 i - 2 potions of magic
 j - a potion of berserk rage
Comestibles
 f - a bread ration


   Skills:
 - Level 5.3 Fighting
 + Level 9.9 Long Blades
 - Level 2.1 Throwing
 - Level 5.1 Armour
 + Level 5.0 Dodging


You had 4 spell levels left.
You didn't know any spells.

Dungeon Overview and Level Annotations

Branches:
Dungeon (1/1)

Altars:
Elyvilon
Gozag
Kikubaaqudgha
Makhleb
Nemelex Xobeh
Qazlal
Ru
Sif Muna
Vehumet
Xom
Yredelemnul
Zin
The Shining One

Shops:
D [


Message History

The yak gores you.
You hit the yak.
The yak is heavily wounded.
The yak closely misses you.
You barely miss the yak.
The yak is heavily wounded.
The yak misses you.
You closely miss the yak.
The yak is heavily wounded.
The yak gores you.
You barely miss the yak.
The yak is heavily wounded.
The yak gores you.
You slash the yak!
The yak is severely wounded.
The yak closely misses you.
You barely miss the yak.
The yak is severely wounded.
The yak gores you!
You die...

################
#<.#..)..#..'..#
#..'[.#..').#..+
#..#####'#####'#
#..# #..#...#.#
#..#__####..##.#
#..#_..__##'#..+
#⌠⌠#_.∩...Y@.._#
####_..._##_.#+#
___ ##+# #


You could see a yak.

Vanquished Creatures
  An ogre (D)
  Sigmund (D)
  A jelly (D)
  Ijyb (D)
4 creatures vanquished.

Vanquished Creatures (others)
  A gargoyle (D)
1 creature vanquished.

Grand Total: 5 creatures vanquished

Notes
Turn   | Place    | Note
--------------------------------------------------------------
     0 | D        | Monkaria, the High Elf Gladiator, began the quest for the Orb.
     0 | D        | Reached XP level 1. HP: 14/14 MP: 2/2
     1 | D        | Noticed Ijyb
    25 | D        | Killed Ijyb
    25 | D        | Reached skill level 5 in Long Blades
    25 | D        | Reached skill level 5 in Dodging
    25 | D        | Reached XP level 2. HP: 16/19 MP: 3/3
    64 | D        | Noticed an ogre
    72 | D        | Killed an ogre
    72 | D        | Reached skill level 7 in Long Blades
    72 | D        | Reached skill level 5 in Armour
    72 | D        | Reached XP level 3. HP: 15/24 MP: 5/5
    72 | D        | Reached XP level 4. HP: 18/29 MP: 7/7
   194 | D        | Noticed Sigmund
   223 | D        | Killed Sigmund
   223 | D        | Reached skill level 5 in Fighting
   223 | D        | Reached skill level 8 in Long Blades
   223 | D        | Reached XP level 5. HP: 16/39 MP: 8/8
   258 | D        | Killed a gargoyle
   409 | D        | Found a deep blue altar of Sif Muna.
   410 | D        | Noticed a jelly
   411 | D        | Found a radiant altar of Vehumet.
   417 | D        | Killed a jelly
   417 | D        | Reached skill level 9 in Long Blades
   443 | D        | Found Eqello's Armour Emporium.
   443 | D        | Found a white marble altar of Elyvilon.
   443 | D        | Found a stormy altar of Qazlal.
   443 | D        | Found a burning altar of Makhleb.
   443 | D        | Found a sacrificial altar of Ru.
   443 | D        | Found a basalt altar of Yredelemnul.
   443 | D        | Found a glowing golden altar of the Shining One.
   443 | D        | Found a sparkling altar of Nemelex Xobeh.
   443 | D        | Found a shimmering altar of Xom.
   443 | D        | Found an opulent altar of Gozag.
   443 | D        | Found an ancient bone altar of Kikubaaqudgha.
   443 | D        | Found a glowing silver altar of Zin.
   443 | D        | Noticed a yak
   454 | D        | Slain by a yak

Action                   |  1- 3 |  4- 6 || total
-------------------------+-------+-------++-------
Melee: Long sword        |    30 |    21 ||    51
Throw: Throwing net      |       |     2 ||     2
  Use: Potion            |     1 |       ||     1
 Stab: Held in net/web   |       |     1 ||     1
